 Dungeon Crawl Stone Soup version 0.25.0 (webtiles) character file.

Game seed: 13001351640495913818

256 Descartes the Scratcher (level 5, -8/24 HPs)
             Began as a Felid Wanderer on June 12, 2020.
             Mangled by an ice beast (11 damage)
             ... on level 5 of the Dungeon.
             The game lasted 00:06:11 (3511 turns).

Descartes the Scratcher (Felid Wanderer)            Turns: 3511, Time: 00:06:11

Health: -8/24      AC:  2    Str: 11    XL:     5   Next: 92%
Magic:  6/6        EV: 20    Int: 12    God:
Gold:   244        SH:  0    Dex: 16    Spells: 4/4 levels left
                                        Lives:  0   Deaths: 1

rFire    . . .     SeeInvis +     - Unarmed
rCold    . . .     Gourm    .   (shield unavailable)
rNeg     + . .     Faith    .   (armour unavailable)
rPois    .         Spirit   .   (helmet unavailable)
rElec    .         Reflect  .   (cloak unavailable)
rCorr    .         Harm     .   (gloves unavailable)
MR       .....                  (boots unavailable)
Stlth    +++++.....             (no amulet)
HPRegen  0.08/turn              s - ring of stealth
MPRegen  0.10/turn              t - ring of positive energy

@: quick
A: very small, no armour, no weapons or thrown items, stealth, claws 1, fangs 3,
see invisible, carnivore, speed 1, shaggy fur 2, slow metabolism 1, sharp paws
a: no special abilities


You were on level 5 of the Dungeon.
You were very full.

You visited 1 branch of the dungeon, and saw 5 of its levels.

You collected 244 gold pieces.

Inventory:

Missiles
 e - 160 stones
 l - 85 arrows
Jewellery
 s - a ring of stealth (left paw)
 t - a ring of positive energy (right paw)
Scrolls
 g - 4 scrolls of teleportation {unknown}
 h - 2 scrolls of identify {unknown}
 i - 2 scrolls of enchant armour {unknown}
 j - 2 scrolls of enchant weapon {unknown}
 k - 2 scrolls of fear {unknown}
 m - a scroll of magic mapping {unknown}
 n - a scroll of fog {unknown}
 o - a scroll of amnesia {unknown}
 p - 2 scrolls of blinking {unknown}
Potions
 a - a potion of berserk rage
 b - a potion of haste
 c - 2 potions of lignification
 d - 3 potions of curing
 q - a potion of flight {unknown}
 r - a potion of might {unknown}
Comestibles
 f - 4 rations


   Skills:
 + Level 2.8 Fighting
 + Level 4.5 Dodging
 * Level 5.9 Stealth
 * Level 6.4 Unarmed Combat
   Level 1.1 Evocations


You had 4 spell levels left.
You didn't know any spells.
Your spell library was empty.

Dungeon Overview and Level Annotations

Branches:
Dungeon (5/15)
 Temple: D:4-7

Altars:
Cheibriados
Dithmenos
Vehumet

Shops:
D:5 :


Innate Abilities, Weirdness & Mutations

You cannot wear armour.
You are incapable of wielding weapons or throwing items.
Your paws allow you to move quietly. (Stealth)
You have sharp claws.
You have razor-sharp teeth.
You have supernaturally acute eyesight. (SInv)
You are carnivorous and can eat meat at any time.
You cover ground quickly.
You are covered in thick fur. (AC +2)
You have a slow metabolism.
Your sharp claws are effective at attacking unaware monsters.


Message History

The ice beast misses you.
You scratch the ice beast but do no damage.
Your claw misses the ice beast. The ice beast misses you.
You claw the ice beast!
The ice beast is moderately wounded.
The ice beast hits you. The ice beast freezes you!
Ouch! That really hurt!
* * * LOW HITPOINT WARNING * * *
You completely miss the ice beast.
The ice beast is moderately wounded.
The ice beast misses you.
You scratch the ice beast.
The ice beast is heavily wounded.
The ice beast misses you.
You claw the ice beast!
The ice beast is severely wounded.
The ice beast hits you.
* * * LOW HITPOINT WARNING * * *
The ice beast freezes you!
You die...

##....# #### .#..#######..##
.......##.....# ###
##...........#### #.##
#.##..<.....##.#####..#
##..##.......#.........#
....##..............#.......
.#...........#####.###S...#.
.##..∩.......#..@Y...#..###
.####..........####....## .#
#..........# .......
.#######.......# .......
..#..####..#...# ...#...
......###..#.... ...#...
..<.....##....#.# .### ..
...........##.#.#
........##. ....#


You could see an ice beast.

Vanquished Creatures
  Sigmund (D:2)
  A scorpion (D:4)
  A bullfrog skeleton (D:4)
  A gnoll shaman (D:3)
  Jessica (D:2)
  3 gnolls (D:4)
  4 adders
  4 worms
  2 dart slugs (D:2)
  2 leopard geckos
  An orc (D:4)
  2 bats
  2 giant cockroaches
  4 goblins
  6 hobgoblins
  12 jackals
  A quokka (D:4)
  A ball python (D:1)
  3 frilled lizards
  4 kobolds
  7 rats
63 creatures vanquished.

Notes
Turn   | Place    | Note
-------+----------+-------------------------------------------
     0 | D:1      | Descartes the Felid Wanderer began the quest for the Orb.
     0 | D:1      | Descartes set off with the following items: a potion of
                  | berserk rage, a potion of haste, a potion of lignification,
                  | a potion of curing, a ration
     0 | D:1      | Reached XP level 1. HP: 9/9 MP: 2/2
   150 | D:1      | Reached XP level 2. HP: 12/12 MP: 3/3
   168 | D:1      | Found a snail-covered altar of Cheibriados.
   892 | D:2      | Reached XP level 3. HP: 15/15 MP: 4/4
  1258 | D:2      | Noticed Jessica
  1263 | D:2      | Killed Jessica
  1263 | D:2      | Reached XP level 4. HP: 19/19 MP: 5/5
  1658 | D:2      | Noticed Sigmund
  1673 | D:2      | Killed Sigmund
  1673 | D:2      | Reached skill level 5 in Stealth
  1673 | D:2      | Reached skill level 6 in Unarmed Combat
  1673 | D:2      | Reached XP level 5. HP: 11/23 MP: 6/6
  2086 | D:3      | Gained mutation: You are covered in thick fur. (AC +2)
                  | [Felid growth]
  2086 | D:3      | Reached XP level 6. HP: 27/27 MP: 7/7
  2596 | D:4      | Found a shadowy altar of Dithmenos.
  2623 | D:4      | Found a radiant altar of Vehumet.
  2894 | D:4      | HP: 1/27 [gnoll/+1 halberd of venom (12)]
  2895 | D:4      | Succumbed to a gnoll's poison
  2896 | D:4      | Reached XP level 5. HP: -1/23 MP: 6/6
  3399 | D:5      | Entered Level 5 of the Dungeon
  3409 | D:5      | Found Qyiw's Book Shop.
  3491 | D:5      | Noticed an ice beast
  3511 | D:5      | Mangled by an ice beast

Illustrated notes

Levels and vault maps discovered:
D:1:      dpeg_arrival_rooms_b, layout_basic, cheibriados_altar_1
D:2:      layout_loops_cross, corexii_corridor_pit, serial_bayou_lagoon_b,
          uniq_jessica, uniq_sigmund
D:3:      layout_basic
D:4:      layout_cave_pools, lemuel_round_altar, fiery_altar_vehumet,
          serial_glass, glass_columns_a, glass_columns_a
D:5:      layout_cave_pools, minmay_temple_entry_slanted, first_ration,
          serial_shops, shop

Skill      XL: |  1  2  3  4 |
---------------+-------------+-----
Stealth        | 2 3 5 |  5.9
Dodging        | 3 4 |  4.5
Fighting       | 2 |  2.8
Unarmed Combat | 6 |  6.4
Evocations     | |  1.1

Action                   |  1- 3 |  4- 6 || total
-------------------------+-------+-------++-------
Melee: Unarmed           |    84 |    94 ||   178
       Bite              |     6 |    12 ||    18
       Punch             |       |     2 ||     2
  Use: Potion            |       |     2 ||     2
 Stab: Sleeping          |     8 |     5 ||    13
  Eat: Chunk             |     8 |     7 ||    15
Armor: Skin              |     2 |     5 ||     7
Dodge: Dodged            |    61 |    65 ||   126
